 Dungeon Crawl Stone Soup version 0.29.1-15-g9cfb28693d (webtiles) character file.

Game seed: 4609623833303629348

1235 protoss039 the Digger (level 8, -5/61 HPs)
             Began as a Demonspawn Earth Elementalist on Feb 27, 2023.
             Slain by a wight
             ... wielding a +4 dagger
              (6 damage)
             ... on level 6 of the Dungeon.
             The game lasted 00:07:28 (6535 turns).

protoss039 the Digger (DsEE)                        Turns: 6535, Time: 00:07:28

Health: -5/61      AC:  4    Str:  8    XL:     8   Next: 24%
Magic:  1/15       EV: 11    Int: 19    God:
Gold:   198        SH:  5    Dex: 14    Spells: 10/16 levels left

rFire   . . .      SeeInvis .   u - +2 dagger (elec)
rCold   . . .      Faith    .   t - +0 buckler
rNeg    + . .      Spirit   .   a - +0 robe
rPois   .          Reflect  .   (no helmet)
rElec   .          Harm     .   (no cloak)
rCorr   .          Rampage  .   w - +1 Delatra's gloves {ID++}
Will    +....                   (boots unavailable)
Stlth   ++........              g - amulet of the acrobat
HPRegen 0.20/turn               k - ring of positive energy
MPRegen 0.14/turn               d - ring of willpower

@: no status effects
A: claws 2, hooves 3, foul stench 1
a: no special abilities


You were on level 6 of the Dungeon.
You visited 1 branch of the dungeon, and saw 6 of its levels.

You collected 198 gold pieces.

Inventory:

Hand Weapons
 u - a +2 dagger of electrocution (weapon)
 E - a +2 morningstar of draining
Armour
 a - a +0 robe (worn)
 t - a +0 buckler (worn)
 w - the +1 Delatra's gloves (worn) {ID++}
   (You found it on level 3 of the Dungeon)

   It heals its wearer when they drink unknown potions.
   It restores its wearer's MP when they read unknown scrolls.
Jewellery
 d - a ring of willpower (right hand)
 g - an amulet of the acrobat (around neck)
 k - a ring of positive energy (left hand)
 x - a ring of ice
 F - a +6 ring of intelligence
Wands
 D - a wand of digging (6)
Scrolls
 e - 3 scrolls of identify
 f - 2 scrolls of vulnerability {unknown}
 h - 2 scrolls of summoning {unknown}
 i - 2 scrolls of brand weapon {unknown}
 l - 3 scrolls of magic mapping
 m - 2 scrolls of enchant weapon {unknown}
 p - 2 scrolls of poison {unknown}
 r - 3 scrolls of enchant armour {unknown}
 s - a scroll of noise {unknown}
 y - a scroll of teleportation {unknown}
 A - a scroll of blinking {unknown}
 C - a scroll of immolation {unknown}
Potions
 b - 3 potions of magic
 j - a potion of resistance {unknown}
 n - a potion of mutation {unknown}
 o - 2 potions of haste {unknown}
 q - 3 potions of brilliance {unknown}
 v - 2 potions of berserk rage {unknown}
 z - 2 potions of lignification {unknown}
 B - a potion of heal wounds {unknown}


   Skills:
 + Level 4.4 Fighting
 - Level 1.7 Dodging
 - Level 1.7 Stealth
 + Level 3.4 Shields
 + Level 4.7 Spellcasting
 + Level 3.7 Conjurations
 - Level 0.8 Transmutations
 + Level 5.0 Earth Magic


You had 10 spell levels left.
You knew the following spells:

 Your Spells              Type           Power      Damage    Failure   Level
a - Sandblast             Erth           46%        2d11      2%          1
b - Passwall              Tmut/Erth      12%        N/A       8%          2
c - Stone Arrow           Conj/Erth      42%        3d9       9%          3

Your spell library contained the following spells:

 Spells                   Type           Power      Damage    Failure   Level
 Ensorcelled Hibernation  Hex/Ice        8%         N/A       26%         2
 Spider Form              Tmut/Pois      6%         N/A       38%         3
 Petrify                  Tmut/Erth      15%        N/A       45%         4
 Anguish                  Hex/Necr       2%         N/A       86%         4


Dungeon Overview and Level Annotations

Branches:
Dungeon (6/15) Zot: 26695
 Temple: D:4-7

Altars:
Ru
Xom

Shops:
D:4 *


Innate Abilities, Weirdness & Mutations

You have very sharp fingernails.
You have hooves in place of feet.
You may rarely emit foul miasma when damaged in melee.


Message History

Confirm with . or Enter, or press ? or * to list all spells.
You don't have enough magic to cast this spell.
Unknown command.
Unknown command.
Casting: Stone Arrow (dangerous; 9% risk of failure)
Confirm with . or Enter, or press ? or * to list all spells.
Aiming: Sandblast (safe; 2% risk of failure)
Press: ? - help, Shift-Dir - straight line, f/p - black bear
Aim: a black bear (severely wounded, 87% to hit)
The blast of sand hits the black bear!
You kill the black bear!
The wight hits you with a +4 dagger!
* * * LOW HITPOINT WARNING * * *
You partially resist.
You feel drained. The hound bites you but does no damage.
Your magical contamination has completely faded away.
Your life force feels restored.
Your Earth Magic skill increases to level 5!
Unknown command.
Unknown command.
You feel better. The hound misses you. The wight hits you with a +4 dagger!
* * * LOW HITPOINT WARNING * * *
The hound bites you.
* * * LOW HITPOINT WARNING * * *
Unknown command.
Unknown command.
Unknown command.
You feel better. The wight hits you with a +4 dagger.
* * * LOW HITPOINT WARNING * * *
You block the hound's attack.
Unknown command.
Casting: Sandblast (safe; 2% risk of failure)
Confirm with . or Enter, or press ? or * to list all spells.
You don't have enough magic to cast this spell.
Unknown command.
You hit the hound. You kick the hound.
The hound is moderately wounded.
The hound bites you.
* * * LOW HITPOINT WARNING * * *
The wight hits you with a +4 dagger.
You die...

#.............######
#........(.......####
#..<............$....
#................####
#.........(...####
#.............#
#............[#######..
#...............z......
#..............@h......
.................)....
.....................
....................
...................
..................
.................
................


You could see a hound and a wight.

Vanquished Creatures
  A black bear (D:6)
  An ogre (D:4)
  A centaur (D:6)
  A phantom (D:5)
  A bullfrog (D:3)
  2 necrophages
  A scorpion (D:5)
  4 wights
  A hound (D:5)
  A jelly (D:3)
  An orc priest (D:3)
  An iguana (D:5)
  Natasha (twice) (D:4)
  3 orc wizards
  8 adders
  2 white imps (D:6)
  A worm (D:3)
  4 dart slugs
  18 orcs
  5 endoplasms
  6 goblins
  5 hobgoblins
  13 jackals
  6 kobolds
  3 quokkas
  8 ball pythons (D:2)
  2 bats (D:1)
  6 frilled lizards
  6 rats
114 creatures vanquished.

Notes
Turn   | Place    | Note
-------+----------+-------------------------------------------
     0 | D:1      | protoss039 the Demonspawn Earth Elementalist began the
                  | quest for the Orb.
     0 | D:1      | Reached XP level 1. HP: 13/13 MP: 3/3
   262 | D:1      | Gained mutation: You may rarely emit foul miasma when
                  | damaged in melee. [demonic ancestry]
   262 | D:1      | Reached XP level 2. HP: 20/20 MP: 1/5
   275 | D:1      | Reached skill level 1 in Fighting
   284 | D:1      | Reached skill level 3 in Earth Magic
   988 | D:1      | Reached XP level 3. HP: 26/26 MP: 6/6
  1055 | D:1      | Learned a level 2 spell: Passwall
  1506 | D:2      | Discovered your monstrous ancestry.
  1506 | D:2      | Gained mutation: You have sharp fingernails. [demonic
                  | ancestry]
  1506 | D:2      | Reached XP level 4. HP: 33/33 MP: 5/8
  1581 | D:2      | Found a faded altar of an unknown god.
  2554 | D:2      | Learned a level 3 spell: Stone Arrow
  2588 | D:3      | Found the +1 Delatra's gloves {ID++}
  2915 | D:3      | Gained mutation: You have large cloven feet. [demonic
                  | ancestry]
  2915 | D:3      | Reached XP level 5. HP: 11/39 MP: 6/9
  3386 | D:3      | Reached skill level 1 in Shields
  3386 | D:3      | Reached skill level 1 in Conjurations
  3739 | D:3      | Gained mutation: You have hoof-like feet. [demonic
                  | ancestry]
  3739 | D:3      | Reached XP level 6. HP: 28/46 MP: 11/11
  4300 | D:4      | Found a sacrificial altar of Ru.
  4349 | D:4      | Reached skill level 4 in Earth Magic
  4426 | D:4      | Found Poacus's Elemental Accessories.
  4689 | D:4      | HP: 2/47 [something (2)]
  5189 | D:4      | Gained mutation: You have hooves in place of feet. [demonic
                  | ancestry]
  5189 | D:4      | Reached XP level 7. HP: 42/52 MP: 6/12
  5257 | D:4      | Noticed Natasha
  5261 | D:4      | Killed Natasha
  5326 | D:4      | Noticed Natasha
  5329 | D:4      | Killed Natasha
  5438 | D:5      | Entered Level 5 of the Dungeon
  5503 | D:5      | Found a shimmering altar of Xom.
  6406 | D:6      | Gained mutation: You have very sharp fingernails. [demonic
                  | ancestry]
  6406 | D:6      | Reached XP level 8. HP: 59/60 MP: 10/14
  6533 | D:6      | Reached skill level 5 in Earth Magic
  6535 | D:6      | HP: 1/61 [hound (5)]
  6535 | D:6      | Slain by a wight

Illustrated notes

Levels and vault maps discovered:
D:1:      minmay_arrival_radiant_lines, layout_rooms
D:2:      layout_basic, nicolae_ecumenical_snake_handling, minmay_pentomino_r4
D:3:      layout_basic, mainiacjoe_overflow_brackets, palyth_stone_intersect,
          minivault_25, pf_guarded_unrand_delatra
D:4:      layout_basic, nicolae_ru_the_path_less_chosen,
          roderic_serpentine_path, nicolae_elemental_shop, uniq_natasha
D:5:      layout_loops_ring, xom_butterflies, nicolae_tso_swordbearing_angel
D:6:      cheibrodos_helix_gallery, layout_basic, bh_walls_and_bars

Skill      XL: |  1  2  3  4  5  6  7  8 |
---------------+-------------------------+-----
Fighting       | 1 2 3 4 |  4.4
Earth Magic    | 3 4 5 |  5.0
Spellcasting   | 3 4 |  4.7
Shields        | 1 2 3 |  3.4
Conjurations   | 1 2 3 |  3.7
Dodging        | |  1.7
Stealth        | |  1.7
Transmutations | |  0.8

Action                   |  1- 3 |  4- 6 |  7- 9 || total
-------------------------+-------+-------+-------++-------
Melee: Unarmed           |    11 |       |       ||    11
       Dagger            |    30 |    85 |    47 ||   162
       Punch             |     1 |       |       ||     1
       Kick              |       |    13 |    20 ||    33
 Cast: Sandblast         |    34 |    70 |     9 ||   113
       Stone Arrow       |       |     1 |    11 ||    12
  Use: Potion            |     1 |     1 |     2 ||     4
       Scroll            |       |     1 |     1 ||     2
 Stab: Sleeping          |     1 |     1 |     1 ||     3
Armor: Robe              |    23 |    26 |    10 ||    59
Dodge: Dodged            |    89 |    76 |    53 ||   218
Block: Buckler           |       |    22 |    20 ||    42
